 Dungeon Crawl Stone Soup version 0.30.0-29-ga12c61a403 (webtiles) character file.

Game seed: 8517846989317684323

101 DildoBatman the Conjurer (level 5, 0/37 HPs)
             Began as a Formicid Conjurer on June 7, 2023.
             Slain by an orc
             ... wielding a +0 dagger
              (3 damage)
             ... on level 4 of the Dungeon.
             The game lasted 00:05:02 (2264 turns).

DildoBatman the Conjurer (Formicid Conjurer)        Turns: 2264, Time: 00:05:02

Health: 0/37       AC:  2    Str: 12    XL:     5   Next: 4%
Magic:  0/8        EV: 11    Int: 19    God:
Gold:   153        SH:  6    Dex: 12    Spells: 6/9 levels left

rFire   + . .        a - +0 dagger (speed)
rCold   + . .        m - +2 buckler
rNeg    . . .        e - +0 robe
rPois   .            (helmet unavailable)
rElec   .            y - scarf {rC+ rF+}
rCorr   .            (no gloves)
SInv    +            (no boots)
Will    .....        n - amulet of faith
Stlth   ++           (no ring)
HPRegen 0.26/turn    (no ring)
MPRegen 0.11/turn

%: faith
@: no status effects
A: permanent stasis, dig shafts and tunnels, antennae 3, four strong arms
a: Dig, Shaft Self


You were on level 4 of the Dungeon.
You visited 1 branch of the dungeon, and saw 4 of its levels.

You collected 153 gold pieces.

Inventory:

Hand Weapons
 a - a +0 dagger of speed (weapon)
 b - the +3 dagger of Conversion {antimagic, Dex+4}
   (You found it on level 3 of the Dungeon)

   Dex:       It affects your dexterity (+4).
Missiles
 s - 5 poisoned darts
Armour
 e - a +0 robe (worn)
 g - a +0 leather armour of fire resistance
 m - a +2 buckler (worn)
 y - a scarf of resistance (worn)
Jewellery
 n - an amulet of faith (around neck)
Wands
 v - a wand of digging (5)
Scrolls
 d - 3 scrolls of identify {unknown}
 h - a scroll of immolation {unknown}
 i - a scroll of magic mapping {unknown}
 j - a scroll of enchant armour {unknown}
 l - a scroll of poison {unknown}
 r - 2 scrolls of fog {unknown}
 t - a scroll of summoning {unknown}
 w - a scroll of vulnerability {unknown}
 x - a scroll of teleportation {unknown}
Potions
 c - 2 potions of heal wounds {unknown}
 f - a potion of mutation {unknown}
 k - 2 potions of curing {unknown}
 o - a potion of cancellation {unknown}
 p - a potion of brilliance {unknown}
 q - a potion of ambrosia {unknown}
 u - a potion of magic
 z - a potion of might {unknown}


   Skills:
 * Level 1.1 Fighting
 * Level 1.4 Armour
 * Level 2.1 Dodging
 - Level 3.0 Stealth
 - Level 3.0 Shields
 * Level 2.5 Spellcasting
 * Level 3.9 Conjurations


You had 6 spell levels left.
You knew the following spells:

 Your Spells              Type           Power      Damage    Failure   Level
a - Searing Ray           Conj           34%        2d5       6%          2
c - Magic Dart            Conj           68%        1d6       4%          1

Your spell library contained the following spells:

 Spells                   Type           Power      Damage    Failure   Level
 Dazzling Flash           Conj/Hex       18%        N/A       28%         3
 Cigotuvi's Dreadful Rot  Necr/Pois/Air  4%         N/A       32%         2
 Ignite Poison            Fire/Tmut/Pois 2%         N/A       54%         3
 Fulminant Prism          Conj/Hex       4%         3d5       67%         4
 Iskenderun's Mystic Bla  Conj/Tloc      9%         2d4       67%         4
 Summon Lightning Spire   Summ/Air       2%         N/A       91%         4
 Freezing Cloud           Conj/Ice/Air   3%         6-21      98%         5
 Storm Form               Tmut/Air       1%         N/A       100%        7
 Maxwell's Capacitive Co  Air            1%         ∞         100%        8


Dungeon Overview and Level Annotations

Branches:
Dungeon (4/15)
 Temple: D:4-7

Altars:

Shops:
D:1 =


Innate Abilities, Weirdness & Mutations

You cannot be hasted, slowed, berserked, paralysed or teleported.
You can dig through walls and to a lower floor.
You have a pair of large antennae on your head. (SInv)
Your four strong arms can wield two-handed weapons with a shield.


Message History

The orc wizard casts a spell at you. The magic dart hits you.
You bump into the rock wall.
The orc wizard hits you with a +0 dagger.
You hit the orc wizard but do no damage.
The orc wizard is almost dead.
The orc wizard points at you and mumbles some strange words.
The puff of flame hits you. You resist.
You bump into the rock wall.
The orc wizard closely misses you.
You hit the orc wizard.
You kill the orc wizard!
Training target 3.0 for Stealth reached!
Your Fighting skill increases to level 1!
Your Stealth skill increases to level 3!
You have reached level 5!
You bump into the rock wall.
The orc hits you with a +0 dagger.
You closely miss the orc.
The orc is severely wounded.
You feel less confused. The orc closely misses you.
Casting: Magic Dart (safe; 4% risk of failure)
Confirm with . or Enter, or press ? or * to list all spells.
Aiming: Searing Ray (safe; 6% risk of failure)
Press: ? - help, Shift-Dir - straight line, f - orc
Aim: an orc, wielding a +0 dagger (severely wounded, 78% to hit)
The searing ray misses the orc. (Press . to maintain the ray.)
The orc closely misses you.
You barely miss the orc.
The orc is severely wounded.
You block the orc's attack.
You hit the orc but do no damage.
The orc is severely wounded.
You barely miss the orc.
The orc is severely wounded.
The orc hits you with a +0 dagger.
You die...

{ { {
###########.#
####
#..)@o).)...#
#..#
#.###########
#..# #.# #..#
#.# #..# #.#
##..#########.#
..............#
###############


You could see an orc.

Vanquished Creatures
  An orc wizard (D:4)
  2 adders
  4 dart slugs
  4 orcs
  4 bats
  An endoplasm (D:3)
  3 giant cockroaches
  2 hobgoblins (D:2)
  3 jackals (D:3)
  2 quokkas
  6 ball pythons
  5 goblins
  4 kobolds
  4 rats
45 creatures vanquished.

Notes
Turn   | Place    | Note
-------+----------+-------------------------------------------
     0 | D:1      | DildoBatman the Formicid Conjurer began the quest for the
                  | Orb.
     0 | D:1      | Reached XP level 1. HP: 13/13 MP: 3/3
   453 | D:1      | Found Lustraxi's Jewellery Shop.
   510 | D:1      | Reached XP level 2. HP: 18/20 MP: 1/5
   513 | D:1      | Learned a level 2 spell: Searing Ray
   733 | D:1      | Found a faded altar of an unknown god.
  1305 | D:2      | Reached skill level 1 in Shields
  1305 | D:2      | Reached XP level 3. HP: 25/25 MP: 2/6
  1644 | D:3      | Identified the +3 dagger of Conversion {antimagic, Dex+4}
  1843 | D:3      | Reached XP level 4. HP: 31/31 MP: 1/7
  2119 | D:4      | Reached skill level 1 in Armour
  2259 | D:4      | Reached skill level 1 in Fighting
  2259 | D:4      | Reached XP level 5. HP: 3/37 MP: 2/8
  2264 | D:4      | Slain by an orc

Illustrated notes

Levels and vault maps discovered:
D:1:      nicolae_arrival_washed_ashore, layout_basic,
          dreamdust_ecumenical_altar_hidden_monk_grotto, serial_shops, shop,
          st_stairs_6
D:2:      layout_rooms, chequers_serial_rivers_micro_d
D:3:      layout_basic
D:4:      layout_loops_ring

Skill      XL: |  1  2  3  4 |
---------------+-------------+-----
Shields        | 1 3 |  3.0
Dodging        | 2 |  2.1
Armour         | 1 |  1.4
Fighting       | 1 |  1.1
Stealth        | 3 |  3.0
Spellcasting   | |  2.5
Conjurations   | |  3.9

Action                     |  1- 3 |  4- 6 || total
---------------------------+-------+-------++-------
  Melee: Dagger            |    28 |    29 ||    57
   Cast: Magic Dart        |    48 |     2 ||    50
         Searing Ray       |     7 |     6 ||    13
 Armour: Robe              |     4 |     1 ||     5
  Dodge: Dodged            |    23 |    10 ||    33
  Block: Buckler           |     2 |     4 ||     6
